 Dungeon Crawl Stone Soup version 0.20.1-1-g8b1a95d (webtiles) character file.

99 Devour the Firebug (level 4, -3/26 HPs)
             Began as a Gargoyle Fire Elementalist on Sept 19, 2017.
             Killed from afar by an orc wizard (6 damage)
             ... with a magic dart
             ... on level 3 of the Dungeon.
             The game lasted 00:07:24 (2732 turns).

Devour the Firebug (Gargoyle Fire Elementalist)     Turns: 2732, Time: 00:07:54

Health: -3/26      AC:  5    Str: 11    XL:     4   Next: 72%
Magic:  1/7        EV: 12    Int: 17    God:
Gold:   144        SH:  0    Dex: 10    Spells: 6/7 levels left

rFire    . . .     SeeInvis .   (no weapon)
rCold    . . .     Gourm    .   (no shield)
rNeg     + . .     Faith    .   a - +0 robe
rPois    ∞         Spirit   .   (no helmet)
rElec    +         Reflect  .   (no cloak)
rCorr    .         Harm     .   (no gloves)
MR       .....                  (no boots)
Stlth    ++........             (no amulet)
Regen    0.1/turn               (no ring)
MPRegen  0.1/turn               (no ring)

@: no status effects
A: negative energy resistance 1, electricity resistance, unbreathing,
petrification resistance, rot immunity, AC +3
a: no special abilities


You were on level 3 of the Dungeon.
You were not hungry.

You visited 1 branch of the dungeon, and saw 3 of its levels.

You collected 144 gold pieces.

Inventory:

Armour
 a - a +0 robe (worn)
Wands
 o - a wand of enslavement (9/24)
Scrolls
 d - a scroll of amnesia {unknown}
 g - a scroll of enchant weapon {unknown}
 h - a scroll of immolation {unknown}
 n - a scroll of identify {unknown}
 r - a scroll of remove curse {unknown}
 s - a scroll of magic mapping {unknown}
Potions
 e - a potion of curing
 f - a potion of brilliance {unknown}
 i - a potion of degeneration {unknown}
 m - 2 potions of flight {unknown}
 p - 2 potions of might {unknown}
 q - a potion of cancellation {unknown}
Books
 b - a book of Flames

   Spells                             Type                      Level
   a - Flame Tongue                   Conjuration/Fire             1
   b - Throw Flame                    Conjuration/Fire             2
   c - Conjure Flame                  Conjuration/Fire             3
   d - Inner Flame                    Hexes/Fire                   3
   e - Sticky Flame                   Conjuration/Fire             4
   f - Fireball                       Conjuration/Fire             5
Comestibles
 c - 2 bread rations
 j - a royal jelly
 k - 4 chunks of flesh
 l - 3 fruits


   Skills:
 + Level 2.1 Fighting
 + Level 2.1 Dodging
 - Level 2.1 Stealth
 + Level 2.4 Spellcasting
 + Level 2.2 Conjurations
 + Level 3.6 Fire Magic


You had 6 spell levels left.
You knew the following spells:

 Your Spells              Type           Power        Failure   Level  Hunger
a - Flame Tongue          Conj/Fire      ##...        5%          1    #......


Dungeon Overview and Level Annotations

Branches:
Dungeon (3/15)

Altars:


Innate Abilities, Weirdness & Mutations

You are resistant to torment.
Your stone body is resilient. (AC +3)
You are immune to poison.
You resist negative energy. (rN+)
You are resistant to electric shocks. (rElec)
You can survive without breathing.
You are immune to petrification.
You are immune to rotting.


Message History

Aiming: Flame Tongue
Press: ? - help, Shift-Dir - straight line, f - orc
Aim: an orc The flame tongue hits the orc.
You kill the orc!
You hear some strange, mumbled words.
A puff of frost appears from out of thin air!
The puff of frost hits you!
You hear some strange, mumbled words.
A puff of flame appears from out of thin air!
The puff of flame hits you!
* * * LOW HITPOINT WARNING * * *
Found 2 grey potions and a club.
It was a potion of curing.
You feel better.
A magic dart appears from out of thin air!
The magic dart hits you!
* * * LOW HITPOINT WARNING * * *
A magic dart appears from out of thin air!
The magic dart hits you!
You die...

#.###.....#>....(..........
#.....#.........###########
### #..........#
#....(.....#
####.......)(##
#....###...o.#
###.######{o...#
#<#.#..........#
##.#.#.....@....#
#....#..........#
######.......#### #....!..#
#.......# #.......#
#.......# #)......!


You could see 2 orcs.

Vanquished Creatures
  3 adders (D:2)
  4 worms
  3 dart slugs (D:1)
  4 leopard geckos
  2 orcs (D:3)
  3 giant cockroaches (D:1)
  3 goblins
  5 hobgoblins (D:2)
  2 jackals (D:1)
  A quokka (D:3)
  2 ball pythons (D:2)
  4 bats
  4 frilled lizards
  6 kobolds
  5 rats
51 creatures vanquished.

Notes
Turn   | Place    | Note
-------+----------+-------------------------------------------
     0 | D:1      | Devour the Gargoyle Fire Elementalist began the quest for the Orb.
     0 | D:1      | Reached XP level 1. HP: 10/10 MP: 3/3
   393 | D:1      | Reached XP level 2. HP: 16/16 MP: 0/5
   741 | D:1      | Reached skill level 1 in Fighting
  1197 | D:1      | Reached XP level 3. HP: 20/20 MP: 2/6
  1992 | D:2      | Reached XP level 4. HP: 26/26 MP: 3/7
  2732 | D:3      | Killed from afar by an orc wizard

Skill      XL: |  1  2  3  4 |
---------------+-------------+-----
Fighting       | 1 2 |  2.1
Conjurations   | 2 |  2.2
Dodging        | 2 |  2.1
Stealth        | |  2.1
Spellcasting   | |  2.4
Fire Magic     | |  3.6

Action                   |  1- 3 |  4- 6 || total
-------------------------+-------+-------++-------
Melee: Unarmed           |    52 |    11 ||    63
 Cast: Flame Tongue      |    66 |    48 ||   114
  Use: Potion            |       |     1 ||     1
  Eat: Chunk             |     5 |     2 ||     7
Armor: Robe              |    34 |    12 ||    46
Dodge: Dodged            |    90 |    17 ||   107
